 Dungeon Crawl Stone Soup version 0.32-a0-975-g85d4e5bfdb (webtiles) character file.

Game seed: 13307193737066214369

4092 Shayle the Trooper (level 10, -12/79 HPs)
             Began as a Coglin Alchemist on Apr 17, 2024.
             Was a Believer of Makhleb.
             Mangled by a large abomination (30 damage)
             ... on level 2 of the Abyss on Apr 18, 2024.
             The game lasted 00:34:01 (7684 turns).

Shayle the Trooper (Coglin Alchemist)               Turns: 7684, Time: 00:34:01

Health: -12/79     AC: 14    Str: 13    XL:     10   Next: 26%
Magic:  15/15      EV: 11    Int: 16    God:    Makhleb [**....]
Gold:   158        SH:  0    Dex: 16    Spells: 11/15 levels left

rFire   . . .        m - +2 dagger (drain) {Aníbal}
rCold   . . .        q - +5 short sword (vamp) {Prani}
rNeg    . . .        c - +4 ring mail of Sovucs {Str+3}
rPois   .            n - +1 helmet
rElec   .            (no cloak)
rCorr   .            o - +1 pair of gloves
SInv    .            (no boots)
Will    .....        (amulet unavailable)
Stlth   +            (ring unavailable)
HPRegen 0.33/turn    (ring unavailable)
MPRegen 0.14/turn    (no gizmo)

%: no passive effects
@: mighty, revved
A: off-hand wielding, slow wielding, warmup strikes, no jewellery
a: Invent Gizmo, Renounce Religion, Minor Destruction


You were on level 2 of the Abyss.
You worshipped Makhleb.
Makhleb was pleased with you.
You visited 2 branches of the dungeon, and saw 9 of its levels.
You visited the Abyss 1 time.
You also visited: Bailey.

You collected 507 gold pieces.
You spent 349 gold pieces at shops.

Inventory:

Hand Weapons
 g - a +2 dagger of venom
 l - a +2 dagger of electrocution
 m - a +2 dagger of draining (weapon) {Aníbal}
 p - a +2 hand axe of electrocution
 q - a +5 vampiric short sword (offhand) {Prani}
 t - a +0 broad axe
Armour
 a - a +0 robe
 c - the +4 ring mail of Sovucs (worn) {Str+3}
   (You found it on level 7 of the Dungeon)

   Str+3:     It affects your strength (+3).
 n - a +1 helmet (worn)
 o - a +1 pair of gloves (worn)
 C - the orb "Joblaiju" {mayhem, Necro}
   (You found it in a bailey)

   Necro:     It increases the power of your Necromancy spells.
 G - the +4 scale mail of the Snail {rF++ SInv Stlth-}
   (You found it in a bailey)

   rF++:      It greatly protects you from fire.
   SInv:      It lets you see invisible.
   Stlth-:    It makes you less stealthy.
Talismans
 k - a talisman of death
Wands
 h - a wand of flame (14)
 x - a wand of roots (5)
Scrolls
 b - 2 scrolls of poison
 d - 4 scrolls of amnesia
 f - a scroll of fear
 s - a scroll of torment
 y - 2 scrolls of teleportation
 F - a scroll of enchant weapon {unknown}
Potions
 e - 2 potions of attraction
 i - 2 potions of magic
 j - 4 potions of curing
 r - a potion of invisibility
 u - a potion of mutation
 v - a potion of brilliance
 w - a potion of enlightenment {unknown}
 A - a potion of resistance {unknown}
 B - a potion of lignification {unknown}
Miscellaneous
 E - a tin of tremorstones (2/2)


   Skills:
 + Level 7.4 Fighting
 + Level 5.8 Armour
 - Level 3.7 Dodging
 - Level 1.5 Stealth
 - Level 3.4 Spellcasting
 - Level 5.0 Conjurations
 - Level 5.1 Alchemy
 + Level 5.3 Invocations


You had 11 spell levels left.
You knew the following spells:

 Your Spells              Type           Power      Damage    Failure   Level
a - Sting                 Conj/Alch      76%        1d7       4%          1
b - Mephitic Cloud        Conj/Alch/Air  13%        N/A       26%         3

Your spell library contained the following spells:

 Spells                   Type           Power      Damage    Failure   Level
 Magic Dart               Conj           72%        1d6       4%          1
 Mercury Vapours          Alch/Air       20%        N/A       19%         2
 Olgreb's Toxic Radiance  Alch           19%        N/A       38%         4
 Blink                    Tloc           4%         N/A       47%         2
 Call Imp                 Summ           4%         N/A       47%         2
 Lesser Beckoning         Tloc           4%         N/A       47%         2
 Maxwell's Portable Pile  Tloc           2%         2d(5-14)  71%         3
 Teleport Other           Tloc           2%         N/A       71%         3
 Sticky Flame             Fire/Alch      10%        2d5       77%         4
 Vhi's Electric Charge    Tloc/Air       4%         N/A       98%         4
 Arcjolt                  Conj/Air       5%         1d15      98%         5
 Plasma Beam              Fire/Air       1%         2x1d11    100%        6


Dungeon Overview and Level Annotations

Branches:
Dungeon (8/15)             Temple (1/1) D:7          Bailey (visited)
   Lair: D:8-11

Altars:
Ashenzari
Cheibriados
Dithmenos
Elyvilon
Fedhas
Gozag
Hepliaklqana
Kikubaaqudgha
Makhleb
Nemelex Xobeh
Okawaru
Ru
Sif Muna
Uskayaw
Wu Jian
Xom
Zin
The Shining One

Shops:
D:5 *   D:8 *[

Annotations:
D:3 exclusion: door
D:6 2 runed translucent doors, Crazy Yiuf; JoadsterXIII's ghost, novice TrSh


Innate Abilities, Weirdness & Mutations

You can wield a second weapon in your off-hand.
It takes a long time for you to wield or remove held weapons.
Your first few attacks do less damage.
You cannot equip rings or amulets.


Message History

The sting hits the large abomination.
The large abomination partially resists.
The large abomination is lightly damaged.
You hit the large abomination but do no damage.
The large abomination is lightly damaged.
You hit the large abomination but do no damage.
The large abomination misses you.
You hit the large abomination but do no damage.
The large abomination is lightly damaged.
You barely miss the large abomination with your +5 vampiric short sword.
The large abomination hits you!
You completely miss the large abomination with your +5 vampiric short sword.
The large abomination is lightly damaged.
You barely miss the large abomination with your +2 dagger of draining.
The large abomination hits you.
You feel very mighty all of a sudden.
The large abomination barely misses you.
You hit the large abomination but do no damage.
The large abomination is lightly damaged.
You puncture the large abomination with your +5 vampiric short sword!
The large abomination completely misses you.
You hit the large abomination but do no damage.
The large abomination is lightly damaged.
You hit the large abomination but do no damage.
The large abomination hits you!!
* * * LOW HITPOINT WARNING * * *
You hit the large abomination but do no damage.
The large abomination is lightly damaged.
You completely miss the large abomination with your +5 vampiric short sword.
The large abomination closely misses you.
You barely miss the large abomination with your +2 dagger of draining.
The large abomination is lightly damaged.
You barely miss the large abomination with your +5 vampiric short sword.
The large abomination hits you.
* * * LOW HITPOINT WARNING * * *
You puncture the large abomination with your +5 vampiric short sword!
The large abomination is moderately damaged.
You hit the large abomination with your +2 dagger of draining.
The large abomination hits you!!
You die...

.. . # # #
#### .##
#.#. #. # ..
#...#.##.###
# .... .
#....## ....
....#..# # .
.+ .. #.....
..+ ..
#####. ### .
. . ## .#@##
... .# ++#.
#~~....X..#
..
#.~....###.#
###~~... ..#
#.~.~~. #.#
##~~~~≈~ .~
..#~≈##. ~ #
#..... #. #
#..##


You could see a large abomination.

Vanquished Creatures
  An orc knight (Bailey)
  A deep elf zephyrmancer (Bailey)
  A smoke demon (Abyss:2)
  Maggie (D:6)
  A steam dragon (D:8)
  Duvessa (D:6)
  2 water moccasins
  8 orc warriors
  5 ogres
  A phantom (D:6)
  2 bullfrogs
  A gnoll sergeant (D:6)
  A scorpion (D:6)
  Dowan (D:6)
  2 mutant beasts (D:7)
  A jelly (D:6)
  A hound (D:5)
  2 orc priests
  Terence (D:2)
  3 orc wizards
  Natasha (thrice) (D:3 D:6)
  4 iguanas
  Robin (D:1)
  4 gnolls (D:7)
  3 adders
  2 ufetubi (D:6)
  25 orcs
  2 endoplasms (D:1)
  3 giant cockroaches (D:1)
  9 hobgoblins
  10 jackals
  10 kobolds
  3 quokkas
  4 ball pythons
  4 bats
  2 frilled lizards
  21 goblins
  5 rats
152 creatures vanquished.

Vanquished Creatures (collateral kills)
  An orc warrior (Bailey)
  4 orcs (Bailey)
5 creatures vanquished.

Grand Total: 157 creatures vanquished

Notes
Turn   | Place    | Note
-------+----------+-------------------------------------------
     0 | D:1      | Shayle the Coglin Alchemist began the quest for the Orb.
     0 | D:1      | Reached XP level 1. HP: 13/13 MP: 3/3
    85 | D:1      | Reached skill level 1 in Conjurations
   296 | D:1      | Reached XP level 2. HP: 20/20 MP: 1/4
  1050 | D:1      | Reached XP level 3. HP: 25/25 MP: 3/6
  1151 | D:1      | Reached skill level 1 in Fighting
  1275 | D:2      | Found a burning altar of Makhleb.
  1292 | D:2      | Noticed Robin
  1873 | D:2      | Learned a level 3 spell: Mephitic Cloud
  1951 | D:3      | Noticed Terence
  2011 | D:2      | Reached XP level 4. HP: 13/32 MP: 3/7
  2165 | D:1      | Killed Robin
  2529 | D:3      | Noticed Natasha
  2593 | D:2      | Killed Terence
  2672 | D:3      | Killed Natasha
  2673 | D:3      | Reached XP level 5. HP: 32/38 MP: 0/8
  2680 | D:3      | Noticed Natasha
  2745 | D:3      | Killed Natasha
  2833 | D:3      | Found a glowing silver altar of Zin.
  2945 | D:3      | Noticed Natasha
  3356 | D:4      | Reached skill level 2 in Fighting
  3555 | D:4      | Noticed an ogre
  3557 | D:4      | Noticed an ogre
  3569 | D:4      | Noticed an ogre
  3734 | D:4      | Killed an ogre
  3735 | D:4      | Reached XP level 6. HP: 45/45 MP: 2/10
  3872 | D:4      | Reached XP level 7. HP: 51/51 MP: 4/11
  4336 | D:5      | Entered Level 5 of the Dungeon
  4396 | D:5      | Found Dext's Assorted Antiques.
  4413 | D:5      | Reached skill level 3 in Fighting
  4413 | D:5      | Reached skill level 5 in Alchemy
  4462 | D:5      | Noticed a two-headed ogre
  4519 | D:7      | Found a staircase to the Ecumenical Temple.
  4529 | Temple   | Entered the Ecumenical Temple
  4726 | Temple   | Became a worshipper of Makhleb the Destroyer
  4775 | D:7      | Identified the +4 ring mail of Sovucs {Str+3}
  4791 | D:6      | Found a runed translucent door.
  4792 | D:6      | Noticed JoadsterXIII's ghost (novice TrSh)
  4825 | D:6      | Noticed a two-headed ogre
  5041 | D:6      | Noticed Duvessa
  5043 | D:6      | Noticed Dowan
  5059 | D:6      | Killed Duvessa
  5060 | D:6      | Reached skill level 1 in Armour
  5060 | D:6      | Reached skill level 1 in Invocations
  5060 | D:6      | Reached XP level 8. HP: 58/60 MP: 13/13
  5075 | D:6      | Killed Dowan
  5321 | D:6      | Reached skill level 4 in Fighting
  5346 | D:6      | Noticed Maggie
  5369 | D:6      | Killed Maggie
  5645 | D:6      | Found a runed translucent door.
  5646 | D:6      | Noticed Crazy Yiuf
  5727 | D:6      | Killed Natasha
  5771 | D:6      | Found an ancient bone altar of Kikubaaqudgha.
  5771 | D:6      | Found a snail-covered altar of Cheibriados.
  5854 | D:6      | Reached XP level 9. HP: 67/67 MP: 14/14
  5929 | D:6      | Reached skill level 5 in Fighting
  6241 | D:7      | Reached * piety under Makhleb
  6290 | D:7      | Noticed a juvenile batfire beast
  6309 | D:7      | Reached skill level 5 in Conjurations
  6428 | D:8      | Found a broken altar of Ashenzari.
  6674 | D:8      | Found Soanuo's Assorted Antiques.
  6707 | D:8      | Bought a scroll of teleportation for 66 gold pieces
  6707 | D:8      | Bought a fuming puce potion for 19 gold pieces
  6707 | D:8      | Bought a scroll of teleportation for 66 gold pieces
  6707 | D:8      | Bought a lead wand for 88 gold pieces
  6707 | D:8      | Bought a potion of heal wounds for 110 gold pieces
  6759 | D:8      | Found a flagged portal.
  6772 | Bailey   | Entered a bailey
  6996 | Bailey   | Reached skill level 6 in Fighting
  6998 | Bailey   | Noticed an orc knight
  7012 | Bailey   | Reached ** piety under Makhleb
  7020 | Bailey   | Killed an orc knight
  7026 | Bailey   | Reached skill level 5 in Armour
  7050 | Bailey   | Reached XP level 10. HP: 72/77 MP: 3/15
  7169 | Bailey   | Found a large runed translucent door.
  7169 | Bailey   | Found a large runed translucent door.
  7170 | Bailey   | Noticed a deep elf zephyrmancer
  7224 | Bailey   | Killed a deep elf zephyrmancer
  7225 | Bailey   | Reached skill level 7 in Fighting
  7225 | Bailey   | Reached skill level 5 in Invocations
  7265 | Bailey   | Identified the orb "Joblaiju" {mayhem, Necro}
  7278 | Bailey   | Identified the +4 scale mail of the Snail {rF++ SInv
                  | Stlth-}
  7438 | D:8      | Found Gepnyu's Antique Armour Shoppe.
  7493 | D:7      | Noticed a two-headed ogre
  7504 | Abyss:2  | Cast into level 2 of the Abyss (two-headed ogre)
  7518 | Abyss:2  | Noticed a wretched star
  7599 | Abyss:2  | Noticed a large abomination
  7620 | Abyss:2  | Noticed a smoke demon
  7621 | Abyss:2  | Upgraded the game from 0.32-a0-961-gd60f5e5fc7 to
                  | 0.32-a0-975-g85d4e5bfdb
  7626 | Abyss:2  | Killed a smoke demon
  7633 | Abyss:2  | Noticed a large abomination
  7684 | Abyss:2  | Mangled by a large abomination

Illustrated notes

Levels and vault maps discovered:
D:1:      minmay_arrival_cross, layout_loops_ring
D:2:      layout_basic, basic_altar, nicolae_underground_beach, uniq_robin
D:3:      cheibrodos_fertilizer, layout_rooms, zin_scriptorium, uniq_terence,
          uniq_natasha
D:4:      layout_loops_cross, kennysheep_generic_room_4
D:5:      layout_gridville, serial_shops, nicolae_shop_overgrown_old_shop,
          amcnicky_mini_pool_medium
D:6:      layout_loops_ring, gammafunk_temple_overflow_wave,
          ebering_ghost_inner_flame, uniq_crazy_yiuf_cottage, uniq_maggie,
          uniq_duvessa
D:7:      layout_cave_pools, minmay_temple_entry_offerings,
          minmay_misc_feat_alley, nicolae_beast_mode
D:8:      layout_basic, amcnicky_altar_gilded, serial_shops, shop,
          nicolae_shop_advertising_works [nicolae_subvault_shop_adworks], shop,
          enter_bailey_3
Temple:   dpeg_chambers_temple
Abyss:2:  base: D:2, hangedman_abyss_exit_choices, base: D:8,
          evilmike_abyss_exit_vortex, evilmike_abyss_exit_10

Skill      XL: |  1  2  3  4  5  6  7  8  9 10 |
---------------+-------------------------------+-----
Conjurations   | 1 2 3 4 5 |  5.0
Dodging        | 2 3 |  3.7
Spellcasting   | 2 3 |  3.4
Fighting       | 1 2 3 4 6 7 |  7.4
Alchemy        | 4 5 |  5.1
Armour         | 1 3 5 |  5.8
Invocations    | 1 2 4 5 |  5.3
Stealth        | |  1.5

Action                     |  1- 3 |  4- 6 |  7- 9 | 10-12 || total
---------------------------+-------+-------+-------+-------++-------
  Melee: Unarmed           |     5 |       |       |       ||     5
         Dagger            |    41 |   124 |   284 |    17 ||   466
         Short sword       |       |       |   239 |    18 ||   257
   Cast: Sting             |    58 |    30 |    15 |     3 ||   106
         Mephitic Cloud    |       |     7 |    11 |     2 ||    20
  Evoke: Wand              |       |       |     4 |     1 ||     5
    Use: Scroll            |     4 |     5 |    12 |     1 ||    22
         Potion            |     2 |       |     2 |     3 ||     7
   Stab: Confused          |       |     5 |    10 |     1 ||    16
         Sleeping          |       |     2 |     1 |     1 ||     4
 Armour: Robe              |    32 |    43 |    23 |       ||    98
         Ring mail         |       |       |   202 |    18 ||   220
  Dodge: Dodged            |    37 |    45 |   202 |    13 ||   297

Table legend: (Time is in decaauts)
 A = Elapsed time spent in this place.
 B = Non-inter-level travel time spent in this place.
 C = Inter-level travel time spent in this place.
 D = Time resting spent in this place.
 E = Time spent auto-exploring this place.
 F = Levels seen in this place.
 G = Mean time per level.
                   A        B        C        D        E       F      G
               +--------+--------+--------+--------+--------+-----+--------+
         Total |   7680 |   7511 |    169 |   1771 |   3520 |  11 |  698.2 |
       Dungeon |   6730 |   6588 |    142 |   1283 |   3520 |   8 |  841.2 |
        Temple |    224 |    197 |     27 |    156 |      0 |   1 |  224.0 |
         Abyss |    180 |    180 |      0 |    102 |      0 |   1 |  180.0 |
        Bailey |    544 |    544 |      0 |    230 |      0 |   1 |  544.0 |
               +--------+--------+--------+--------+--------+-----+--------+

Top non-repeatable levels by time:
     D:1: 1365 daAuts
     D:2: 1287 daAuts
     D:6: 1097 daAuts
     D:4: 984 daAuts
     D:3: 691 daAuts
     D:8: 603 daAuts
  Bailey: 544 daAuts
     D:7: 534 daAuts
  Temple: 224 daAuts
 Abyss:2: 180 daAuts
     D:5: 166 daAuts
